AoeStats
← Espheni

Arena

509131122Analyzed
2v2 RM · 8d ago on Sep 25, 2026· 47m 1s· 4 players
Game mode
Random Map
Map size
Medium (4 player)
Population
200
Speed
Normal
Resources
Standard
Victory
Conquest
Starting age
Dark Age
Ending age
Imperial Age
RankedLock teamsTeams togetherTeam positionsShared explorationLock speedFull tech treeHidden civsTurbo modeCheats
Victory
Defeat
🇩🇪 Vietnamese · Germany
1481
+12
🇩🇪 Danes · Germany
1471
+12
🇪🇸 Celts · Spain
1412
-13
🇵🇪 Burgundians · Peru
1361
-11
MISTER COLLEJAS
10:41 Feudal Age
12:04 Double-Bit Axe
14:29 Castle Age
13:25 Horse Collar
14:19 Gold Mining
16:02 Bow Saw
18:20 Loom
21:04 Town Watch
22:44 Wheelbarrow
26:23 Hand Cart
30:37 Imperial Age
27:51 Pikeman
28:35 Scale Mail Armor
29:31 Chain Mail Armor
30:14 Forging
30:26 Stone Mining
30:29 Arson
32:22 Halberdier
33:27 Capped Ram
34:11 Fletching
34:14 Siege Ram
35:00 Man-at-Arms
35:26 Gambesons
36:50 Ballistics
37:31 Chemistry
36:30 Bodkin Arrow
37:13 Coinage
36:53 Elite Woad Raider
37:48 Furor Celtica
38:00 Padded Archer Armor
39:13 Conscription
39:03 Elite Skirmisher
40:11 Leather Archer Armor
41:22 Ring Archer Armor
43:37 Banking
Rasec
8:21 Loom
10:42 Feudal Age
14:23 Castle Age
12:46 Double-Bit Axe
14:33 Pikeman
19:15 Loom
23:12 Bow Saw
23:12 Forging
23:54 Forging
25:31 Town Watch
26:21 Wheelbarrow
27:52 Squires
28:30 Iron Casting
28:26 Arson
30:11 Wheelbarrow
30:58 Scale Mail Armor
33:36 Two-Man Saw
32:18 Horse Collar
32:31 Gold Mining
36:28 Imperial Age
34:01 Town Patrol
34:17 Scale Barding Armor
35:21 Husbandry
34:42 Cavalier
35:45 Chain Barding Armor
37:53 Stone Mining
41:03 Plate Barding Armor
42:21 Blast Furnace
42:02 Paladin
42:33 Capped Ram
44:42 Light Cavalry
46:09 Conscription
Espheni
9:27 Feudal Age
7:43 Loom
13:13 Castle Age
11:17 Double-Bit Axe
11:43 Horse Collar
14:10 Bow Saw
14:44 Heavy Plow
21:47 Wheelbarrow
25:20 Scale Mail Armor
28:45 Chain Mail Armor
31:45 Gold Mining
32:01 Squires
32:40 Forging
34:09 Arson
34:09 Gambesons
35:10 Iron Casting
34:49 Stone Mining
35:33 Hand Cart
38:02 Hamask
42:10 Imperial Age
40:48 Town Watch
42:13 Elite Varangian Guard
42:59 Scale Barding Armor
43:26 Plate Mail Armor
43:17 Conscription
42:22 Capped Ram
44:23 Blast Furnace
44:16 Siege Engineers
46:11 Siege Ram
RockAmEdsch
10:36 Feudal Age
14:41 Castle Age
13:25 Double-Bit Axe
13:22 Horse Collar
18:04 Bow Saw
21:21 Wheelbarrow
21:23 Loom
24:20 Scale Barding Armor
27:42 Hand Cart
27:38 Gold Mining
27:41 Stone Mining
30:47 Imperial Age
29:05 Forging
29:16 Chain Barding Armor
29:25 Heavy Plow
29:37 Bloodlines
29:29 Husbandry
31:04 Iron Casting
32:08 Plate Barding Armor
31:55 Fletching
32:30 Padded Archer Armor
32:50 Crossbowman
33:37 Thumb Ring
33:19 Arbalester
33:55 Bodkin Arrow
35:06 Leather Archer Armor
35:04 Bracer
34:47 Arbalester
39:06 Ring Archer Armor
39:04 Ballistics
39:13 Light Cavalry
41:28 Elite Skirmisher
44:06 Imperial Skirmisher
46:41 Chatras
Connection lost

Rejoining the realm…

Still unreachable

The connection could not be restored.

Session expired

The server has moved on; the page needs a fresh start.